 Dungeon Crawl Stone Soup version 0.24-a0-317-g5cb8de4 (webtiles) character file.

Game seed: 5503737020426461378

13 Klosterheim the Grasshopper (level 2, -8/26 HPs)
             Began as a Naga Warper on May 16, 2019.
             Mangled by a gnoll
             ... wielding a +0 spear
              (11 damage)
             ... on level 1 of the Dungeon.
             The game lasted 00:01:00 (172 turns).

Klosterheim the Grasshopper (Naga Warper)            Turns: 172, Time: 00:01:00

Health: -8/26      AC:  2    Str: 13    XL:     2   Next: 37%
Magic:  5/5        EV:  9    Int: 13    God:
Gold:   8          SH:  0    Dex: 10    Spells: 5/5 levels left

rFire    . . .     SeeInvis +   a - +0 falchion
rCold    . . .     Gourm    .   (no shield)
rNeg     . . .     Faith    .   b - +0 leather armour
rPois    +         Spirit   .   (no helmet)
rElec    .         Reflect  .   (no cloak)
rCorr    .         Harm     .   (no gloves)
MR       .....                  (no barding)
Stlth    +.........             (no amulet)
HPRegen  0.08/turn              (no ring)
MPRegen  0.09/turn              (no ring)

@: very slow
A: large, see invisible, deformed body, poison resistance, slowness 2, slow
metabolism 1, spit poison 1, AC +0
a: Spit Poison


You were on level 1 of the Dungeon.
You were not hungry.

You visited 1 branch of the dungeon, and saw 1 of its levels.

You collected 8 gold pieces.

Inventory:

Hand Weapons
 a - a +0 falchion (weapon)
Missiles
 e - 5 boomerangs of dispersal (quivered)
Armour
 b - a +0 leather armour (worn)
Scrolls
 d - a scroll of blinking
 g - 3 scrolls of remove curse {unknown}
 h - a scroll of amnesia {unknown}
Comestibles
 c - 2 chunks of flesh
 f - 2 rations


   Skills:
 + Level 2.1 Fighting
 * Level 2.4 Long Blades
 + Level 1.1 Throwing
 + Level 0.9 Armour
 + Level 1.7 Dodging
 + Level 2.0 Spellcasting
   Level 3.0 Translocations


You had 5 spell levels left.
You didn't know any spells.
Your spell library contained the following spells:

 Spells                   Type           Power        Failure   Level  Hunger
 Blink                    Tloc           N/A          14%         2    ###....
 Shroud of Golubria       Chrm/Tloc      #.........   26%         2    ###....
 Gell's Gravitas          Tloc           #.........   28%         3    ####...
 Lesser Beckoning         Tloc           #.........   28%         3    ####...
 Teleport Other           Tloc           #.......     28%         3    ####...
 Passage of Golubria      Tloc           N/A          67%         4    #####..


Dungeon Overview and Level Annotations

Branches:
Dungeon (1/15)

Altars:


Innate Abilities, Weirdness & Mutations

You cannot wear boots.
Your serpentine skin is tough. (AC +0)
You have supernaturally acute eyesight. (SInv)
Armour fits poorly on your strangely shaped body.
Your system is resistant to poisons. (rPois)
You cover ground very slowly.
You have a slow metabolism.
You can spit poison.


Message History

You are too injured to fight recklessly!
You are too injured to fight recklessly!
Unknown command.
Why would you want to do that? Why would you want to do that?
You barely miss the goblin.
The gnoll hits you from afar with a +0 spear.
The goblin misses you.
You riposte.
You hit the goblin.
You kill the goblin!
You hear a splash. x2
The frilled lizard bites you.
* * * LOW HITPOINT WARNING * * *
Your leather armour prevents you from hitting the frilled lizard.
The gnoll closely misses you. The frilled lizard closely misses you.
You barely miss the frilled lizard.
The gnoll hits you from afar with a +0 spear.
* * * LOW HITPOINT WARNING * * *
The frilled lizard bites you but does no damage.
The gnoll hits you from afar with a +0 spear!
You die...

≈≈....≈≈≈≈#####
≈≈...≈≈≈≈≈≈≈≈≈≈≈≈≈≈....
≈≈...≈≈≈≈≈≈≈≈≈≈≈≈≈≈.#.
≈≈≈..≈≈≈≈≈≈≈≈≈≈≈≈≈≈..
≈≈≈...≈≈≈≈≈≈≈≈≈≈≈≈≈.#
≈≈##'##≈≈≈≈≈≈≈≈≈≈≈..#
≈##...##≈≈≈≈≈≈≈≈≈≈.#
≈#.....#≈≈≈≈≈≈≈≈≈).# ..
≈#.....#≈≈≈≈≈≈≈≈@$.# ..#
≈#.....#≈≈≈≈≈≈≈≈≈l##....
≈##...##≈≈≈≈≈≈≈≈(.g.....
≈≈#####≈≈≈≈≈≈≈≈.†.....##
≈≈≈≈≈≈≈≈≈≈≈≈≈≈.(......#
≈≈≈≈≈≈≈≈≈≈≈≈≈.(#........
≈≈≈≈≈≈≈≈≈≈≈≈.$##........
≈≈≈≈≈≈≈≈≈≈...###........
...≈≈≈...).### #.......#


You could see a gnoll and a frilled lizard.

Vanquished Creatures
  A dart slug (D:1)
  A leopard gecko (D:1)
  A giant cockroach (D:1)
  4 goblins (D:1)
  A kobold (D:1)
  A rat (D:1)
9 creatures vanquished.

Notes
Turn   | Place    | Note
-------+----------+-------------------------------------------
     0 | D:1      | Klosterheim the Naga Warper began the quest for the Orb.
     0 | D:1      | Reached XP level 1. HP: 19/19 MP: 3/3
    14 | D:1      | Reached skill level 1 in Throwing
   109 | D:1      | Reached XP level 2. HP: 20/26 MP: 5/5
   172 | D:1      | Mangled by a gnoll

Levels and vault maps discovered:
D:1:      minmay_arrival_shoal_huts, layout_rooms,
          hangedman_decor_clover_reticule, minmay_tromino_v2

Skill      XL: |  1 |
---------------+----+-----
Throwing       | 1 |  1.1
Fighting       | |  2.1
Long Blades    | |  2.4
Armour         | |  0.9
Dodging        | |  1.7
Spellcasting   | |  2.0
Translocations | |  3.0

Action                   || total
-------------------------++-------
Melee: Falchion          ||    22
Armor: Leather armour    ||     4
Dodge: Dodged            ||    13
       Rpst.: Falchion   ||     3

Table legend:
 A = Non-vault XP
 B = Vault XP
 C = Vault XP percentage of total XP
 D = Non-vault monster count
 E = Vault monster count
 F = Vault count percentage of total count
                 A         B        C        D         E       F
            +---------+---------+-------+---------+---------+-------
      Total |      19 |       0 |   0.0 |       9 |       0 |   0.0
            +---------+---------+-------+---------+---------+-------
        D:1 |      19 |       0 |   0.0 |       9 |       0 |   0.0
            +---------+---------+-------+---------+---------+-------
